 Dungeon Crawl Stone Soup version 0.26-a0-1033-gd598b01645 (webtiles) character file.

Game seed: 997856880879085633

65 Myrdon the Digger (level 4, -3/24 HPs)
             Began as a Gargoyle Earth Elementalist on Dec 10, 2020.
             Slain by a gnoll
             ... wielding a +2 halberd of distortion
              (6 damage)
             ... on level 2 of the Dungeon.
             The game lasted 00:02:41 (1961 turns).

Myrdon the Digger (Gargoyle Earth Elementalist)     Turns: 1961, Time: 00:02:41

Health: -3/24      AC:  6    Str: 12    XL:     4   Next: 13%
Magic:  4/8        EV: 12    Int: 16    God:
Gold:   118        SH:  0    Dex: 10    Spells: 5/9 levels left

rFire    . . .     SeeInvis .   g - +1 mace (drain)
rCold    . . .     Faith    .   (no shield)
rNeg     + . .     Spirit   .   c - +0 robe
rPois    ∞         Reflect  .   (no helmet)
rElec    +         Harm     .   h - +0 cloak
rCorr    .         Rampage  .   (no gloves)
Will     .....                  (no boots)
Stlth    ++........             (no amulet)
HPRegen  0.08/turn              (no ring)
MPRegen  0.11/turn              (no ring)

@: no status effects
A: negative energy resistance 1, electricity resistance, unbreathing,
petrification resistance, rot immunity, AC +3
a: no special abilities


You were on level 2 of the Dungeon.
You visited 1 branch of the dungeon, and saw 2 of its levels.

You collected 118 gold pieces.

Inventory:

Hand Weapons
 g - a +1 mace of draining (weapon)
Missiles
 b - 44 stones (quivered)
Armour
 c - a +0 robe (worn)
 h - a +0 cloak (worn)
Wands
 f - a wand of flame (17)
Scrolls
 e - 2 scrolls of remove curse
Potions
 a - a potion of curing {unknown}
 d - a potion of heal wounds {unknown}


   Skills:
 - Level 1.5 Dodging
 - Level 2.1 Stealth
 + Level 3.0 Spellcasting
 + Level 1.3 Conjurations
 - Level 0.7 Transmutations
 + Level 4.7 Earth Magic


You had 5 spell levels left.
You knew the following spells:

 Your Spells              Type           Power        Failure   Level
a - Sandblast             Erth           ###...       2%          1
b - Stone Arrow           Conj/Erth      ##....       16%         3

Your spell library contained the following spells:

 Spells                   Type           Power        Failure   Level
 Passwall                 Tmut/Erth      ##......     10%         2
 Petrify                  Tmut/Erth      ##......     52%         4
 Lee's Rapid Deconstruct  Erth           ###.......   58%         5


Dungeon Overview and Level Annotations

Branches:
Dungeon (2/15)

Altars:


Innate Abilities, Weirdness & Mutations

You are resistant to torment.
Your stone body is resilient. (AC +3)
You are immune to poison.
You resist negative energy. (rN+)
You are resistant to electric shocks. (rElec)
You can survive without breathing.
You are immune to petrification.
You are immune to rotting.


Message History

Press: ? - help, Shift-Dir - straight line, f/p - gnoll
Aim: a gnoll, wielding a +2 halberd of distortion and wearing a +0 leather armour (moderately wounded, 18% to evade)
The blast of sand hits the gnoll but does no damage.
The gnoll is moderately wounded.
b - 45 stones The gnoll hits you from afar with a +2 halberd of distortion!
Space warps horribly around you!
Ouch! That really hurt!
* * * LOW HITPOINT WARNING * * *
Casting: Sandblast (safe; 2% risk of failure)
Confirm with . or Enter, or press ? or * to list all spells.
Aiming: Sandblast (safe; 2% risk of failure)
Press: ? - help, Shift-Dir - straight line, f/p - gnoll
Aim: a gnoll, wielding a +2 halberd of distortion and wearing a +0 leather armour (moderately wounded, 18% to evade)
The blast of sand hits the gnoll.
The gnoll is heavily wounded.
b - 44 stones A leopard gecko comes into view.
The gnoll hits you from afar with a +2 halberd of distortion.
You die...

#.......#...#........#
#..
###.###.#.###........#
#.. #. ..#.#
#........# ###
#.#.###.############
#####
#>.................
....
#########.#######..
#.. #####.#### #..
#........####l #..
#...(.@.g'.g!. .####(.
#........##### .......
#........# ####..
#........# #..
#........# #..
#........# #..
########## ###


You could see a gnoll, a leopard gecko (wandering) and a hobgoblin.

Vanquished Creatures
  2 adders (D:2)
  An ooze (D:2)
  An adder skeleton (D:2)
  3 dart slugs (D:1)
  2 leopard geckos
  4 bats
  A giant cockroach (D:1)
  3 hobgoblins
  3 jackals (D:1)
  A quokka (D:2)
  A ball python (D:2)
  2 frilled lizards
  3 goblins
  3 kobolds (D:1)
  2 rats (D:2)
32 creatures vanquished.

Notes
Turn   | Place    | Note
-------+----------+-------------------------------------------
     0 | D:1      | Myrdon the Gargoyle Earth Elementalist began the quest for
                  | the Orb.
     0 | D:1      | Reached XP level 1. HP: 10/10 MP: 3/3
   433 | D:1      | Reached XP level 2. HP: 15/15 MP: 3/5
   445 | D:1      | Reached skill level 4 in Earth Magic
   994 | D:1      | Reached XP level 3. HP: 17/19 MP: 6/6
   998 | D:1      | Learned a level 3 spell: Stone Arrow
  1635 | D:2      | Found a faded altar of an unknown god.
  1930 | D:2      | Reached skill level 1 in Conjurations
  1938 | D:2      | Reached XP level 4. HP: 24/24 MP: 8/8
  1961 | D:2      | Slain by a gnoll

Illustrated notes

Levels and vault maps discovered:
D:1:      dpeg_arrival_round_c, layout_basic
D:2:      layout_basic, chequers_ecumenical_altar_simple, minmay_tromino_v4_b

Skill      XL: |  1  2  3  4 |
---------------+-------------+-----
Earth Magic    | 4 |  4.7
Conjurations   | 1 |  1.3
Spellcasting   | 3 |  3.0
Dodging        | |  1.5
Stealth        | |  2.1
Transmutations | |  0.7

Action                   |  1- 3 |  4- 6 || total
-------------------------+-------+-------++-------
Melee: Unarmed           |    18 |       ||    18
       Mace              |    51 |     3 ||    54
 Cast: Sandblast         |    18 |     4 ||    22
  Use: Scroll            |     3 |       ||     3
 Stab: Sleeping          |     2 |       ||     2
       Distracted        |     1 |       ||     1
Armor: Robe              |    35 |       ||    35
Dodge: Dodged            |    82 |     5 ||    87

Table legend: (Time is in decaauts)
 A = Elapsed time spent in this place.
 B = Non-inter-level travel time spent in this place.
 C = Inter-level travel time spent in this place.
 D = Time resting spent in this place.
 E = Time spent auto-exploring this place.
 F = Levels seen in this place.
 G = Mean time per level.
                   A        B        C        D        E       F      G
               +--------+--------+--------+--------+--------+-----+--------+
         Total |   1981 |   1963 |     18 |    193 |   1494 |   2 |  990.5 |
       Dungeon |   1981 |   1963 |     18 |    193 |   1494 |   2 |  990.5 |
               +--------+--------+--------+--------+--------+-----+--------+

Top non-repeatable levels by time:
     D:1: 1347 daAuts
     D:2: 633 daAuts
